[Event "Early-Titled-Tuesday-Blitz-February-20-2024"]
[Site "Chess.com"]
[Date "2024.02.20"]
[Round "2"]
[White "Jakuboss22005"]
[Black "aldebaran52"]
[Result "1-0"]
[WhiteElo "2482"]
[BlackElo "2183"]
[TimeControl "180+1"]
[EndTime "8:18:37 PST"]
[Termination "Jakuboss22005 won by resignation"]

1. g3 d5 2. Bg2 Nf6 3. Nf3 e6 4.
O-O Be7 5. c4 O-O 6. d4 b6 7. cxd5 exd5 8. Nc3 Bb7 9. Ne5 c5 10.
Bf4 Na6 11. Rc1 Rc8 12. Nb5 Qe8 13. a4 Nc7 14. Nxc7 Rxc7 15. Nc4 Rd7 16. Ne5 Rd8 17. dxc5 Bxc5 18. Nd3 Bd6 19. e3 Ne4 20. Bxd6 Rxd6 21.
Rc7 Rd7 22. Qc2 Qd8 23. Rc1 Ba6 24. Nf4 Nc5 25. Rxd7 Qxd7 26. Nxd5 Nd3 27. Rd1 Rc8 28. Qxc8+ Bxc8 29. Rxd3 Qxa4 30. Ne7+ Kf8 31. Nxc8 Qa1+ 32. Bf1 g6 33. Rd2 Qc1 34. Rd8+ Kg7 35. Nxa7 Qxb2 36.
Nb5 Qf6 37. Rd6 Qe5 38. Rxb6 h5 39. Rc6 h4 40. Rc4 g5 41. gxh4 Qxb5 42. Rg4 Qd7 43.
Rxg5+ Kh6 44. Be2 f6 45. Rg3 Qd2 46. Bf3 Qe1+ 47. Kg2 Qb4 48. h5 Qh4 49. Rg6+ Kh7 50. h3 Qb4 51. Rxf6 Qe7 52. Rf4 Qg7+ 53. Rg4 Qe7 54.
Be4+ Kh8 55. Bg6 Qf6 56. Rf4 Qc6+ 57. Kg3 Kg7 58. Rf7+ Kg8 59. Rf4 Qd6 60. e4 Qe5 61.
f3 Kg7 62. Kg4 Kh6 63. Rf5 Qe6 64. h4 Kg7 65. Kg5 Kg8 66. Bf7+ Kg7 67. Bxe6 1-0

[Event "Early-Titled-Tuesday-Blitz-February-20-2024"]
[Site "Chess.com"]
[Date "2024.02.20"]
[Round "2"]
[White "BogdanDeac"]
[Black "Timerkhanov"]
[Result "1-0"]
[WhiteElo "3044"]
[BlackElo "2650"]
[TimeControl "180+1"]
[EndTime "8:18:39 PST"]
[Termination "BogdanDeac won on time"]

1. d4 d5 2. Nf3 Nf6 3. Bf4 c5 4. e3 Nc6 5. c3 Qb6 6. Qc2 g6 7. Nbd2 Bg7 8. Be2 O-O 9. O-O Bf5 10. dxc5 Qxc5 11. Qb3 Ne4 12. Nxe4 Bxe4 13. Nd2 Bf5 14. Rfd1 e5 15. Bg3 Be6 16. Qa4 Rfd8 17. Rac1 Rac8 18. Nf3 h6 19. b4 Qd6 20. b5 Ne7 21.
c4 Nf5 22. cxd5 Rxc1 23. Rxc1 Nxg3 24. hxg3 Bxd5 25. Qxa7 Qb4 26. Rd1 Qe7 27. Qa5 Bf6 28. a4 Bb3 29. Rxd8+ Qxd8 30. Qxd8+ Bxd8 31. Nxe5 Bc7 32. Nd3 b6 33. Nb2 Be5 34. Nc4 Bxc4 35. Bxc4 Kg7 36.
f4 Bc3 37. g4 Bd2 38. Kf2 g5 39. g3 Bc1 40. Ke2 Ba3 41. a5 bxa5 42. b6 Bd6 43. Bb3 Kf6 44. Kd3 Ke7 45. Kd4 f6 46.
Kd5 Bb8 47. Kc6 Kd8 48. Kb7 Bd6 49. Ka7 Bc5 50. e4 Bd4 51. Ka6 Kc8 52. Kxa5 Kb8 53. Kb5 Bf2 54. e5 fxe5 55. fxe5 Bxg3 56. e6 Bd6 57.
Kc6 Bb4 58. Bd5 Ba3 59. Kd7 1-0

[Event "Early-Titled-Tuesday-Blitz-February-20-2024"]
[Site "Chess.com"]
[Date "2024.02.20"]
[Round "2"]
[White "Witik"]
[Black "AwareIdea"]
[Result "1-0"]
[WhiteElo "2767"]
[BlackElo "2520"]
[TimeControl "180+1"]
[EndTime "8:18:41 PST"]
[Termination "Witik won by checkmate"]

1. d4 d5 2. Bf4 Nf6 3. e3 c5 4. Nf3 Nc6 5. Nbd2 Bg4 6. c3 Qb6 7. dxc5 Qxc5 8. Qb3 b6 9. Ba6 Na5 10. Qc2 Bxf3 11. Nxf3 b5 12. Nd4 Nd7 13. Bxb5 a6 14.
Bxd7+ Kxd7 15. b4 Qc4 16. bxa5 f6 17. Qf5+ Ke8 18. Qe6 Qxc3+ 19. Ke2 Qc4+ 20. Kf3 Rd8 21. Rhc1 Qd3 22. Nf5 Qe4+ 23. Qxe4 dxe4+ 24. Kxe4 Rd2 25. Rc8+ Kf7 26. Bg3 g6 27. Nd4 h5 28. h4 g5 29.
Rb1 gxh4 30. Bxh4 Rxa2 31. Rbb8 Rg8 32. g3 Rxa5 33. Nc6 Ra4+ 34. Kf3 Ra2 35. Nd8+ Kg7 36.
Ne6+ Kf7 37. Rxf8+ Rxf8 38. Nxf8 a5 39. Nd7 a4 40. Ra8 a3 41. Nb6 Ra1 42. Nd5 a2 43. Nb4 Rb1 44. Nxa2 Ra1 45. Ra5 Kg6 46. Ra6 e5 47.
Nb4 Rb1 48. Rxf6+ Kg7 49. Nd5 Rb2 50. Re6 Kh7 51. Rxe5 Kh6 52. Re6+ Kg7 53. Nf4 Kf7 54. Rh6 Kg7 55. Rxh5 Rb3 56. Rf5 Rb1 57. g4 Kh6 58.
Bg3 Kg7 59. g5 Kg8 60. Kg4 Kh7 61. Rd5 Rh1 62. Rd7+ Kg8 63. Nd5 Ra1 64. Nf6+ Kf8 65. Bd6# 1-0

[Event "Early-Titled-Tuesday-Blitz-February-20-2024"]
[Site "Chess.com"]
[Date "2024.02.20"]
[Round "2"]
[White "alpope"]
[Black "paladin_ll"]
[Result "1-0"]
[WhiteElo "2498"]
[BlackElo "2216"]
[TimeControl "180+1"]
[EndTime "8:18:42 PST"]
[Termination "alpope won by resignation"]

1. Nf3 Nf6 2. b3 g6 3. Bb2 Bg7 4. g3 O-O 5. Bg2 c5 6. O-O Nc6 7. c4 b6 8. d4 cxd4 9. Nxd4 Bb7 10. Nc3 Qc8 11. Nd5 Nxd5 12. cxd5 Nxd4 13. Bxd4 Bxd4 14. Qxd4 Qc5 15. Qd2 Rac8 16. Rfc1 Qd6 17. e4 Rxc1+ 18. Rxc1 Rc8 19. Rxc8+ Bxc8 20. Qc3 Qc5 21. Qxc5 bxc5 22. e5 d6 23. f4 f6 24. e6 f5 25. Kf2 Kg7 26. Ke3 Ba6 27. Kd2 Kf6 28. Kc3 h6 29. b4 cxb4+ 30. Kxb4 Bd3 31. Kc3 Ba6 32. Bf3 g5 33. Bd1 g4 34. Bb3 h5 35. Bc4 Bb7 36.
Kb4 h4 37. Kc3 h3 38. Kd4 Bc8 39. Bb5 Bb7 40. a3 Bc8 41. Kc4 a5 42. Bc6 Ba6+ 43.
Kb3 Bc8 44. Ka4 Bxe6 45. dxe6 Kxe6 46. Kxa5 Kf6 47. Kb4 e5 48. fxe5+ dxe5 49. a4 f4 50. a5 fxg3 51. hxg3 Ke6 52. a6 e4 53. Bxe4 Ke5 54. Bh1 Kd4 55. a7 Ke3 56. a8=Q Kf2 57. Qb8 Kg1 58. Bc6 Kh2 59. Qf4 Kg1 60. Qxg4 h2 61. Qh3 h1=Q 62. Qxh1+ Kf2 63. Qf3+ 1-0

[Event "Early-Titled-Tuesday-Blitz-February-20-2024"]
[Site "Chess.com"]
[Date "2024.02.20"]
[Round "2"]
[White "PedroGil25"]
[Black "frequentblunders"]
[Result "1-0"]
[WhiteElo "2466"]
[BlackElo "2153"]
[TimeControl "180+1"]
[EndTime "8:18:42 PST"]
[Termination "PedroGil25 won on time"]

1. e4 e6 2. d4 c5 3. d5 exd5 4. exd5 d6 5. Nf3 f5 6. Bb5+ Nd7 7. O-O Be7 8. Qe2 a6 9. Bd3 Ndf6 10. Nc3 b5 11. Ng5 c4 12. Bxc4 bxc4 13. Qxc4 Nh6 14.
Ne6 Bxe6 15. dxe6 O-O 16. Bxh6 gxh6 17. Rad1 Rb8 18. b3 Qc8 19. Qd3 Qxe6 20. Rfe1 Qd7 21. Qxa6 Rfc8 22. Qd3 Bf8 23. a4 Qc6 24. Re3 Bg7 25.
h3 Rb4 26. Qxd6 Qxd6 27. Rxd6 Ne4 28. Nxe4 Rxe4 29. Rxe4 fxe4 30. Rd2 Bc3 31. Re2 Re8 32.
g3 Kf7 33. Kg2 Kf6 34. f3 e3 35. f4 Kf5 36. Kf3 Bd2 37. g4+ Kf6 38. h4 Rc8 39.
g5+ hxg5 40. hxg5+ Kf5 41. Rh2 Rxc2 42. Rh6 Bc3 43. Kxe3 Rb2 44. Rxh7 Rxb3 45. Rf7+ Kg6 46. Rd7 Ra3 47. Rd6+ Kg7 48. f5 Rxa4 49. Rd7+ Kf8 50. f6 Bb2 51. Kf3 Ra3+ 52. Kg4 Ra5 53. Rd8+ Kf7 54.
Rd7+ Ke8 55. Rb7 Bc1 56. Rg7 Kf8 57. Kh5 Bd2 58. Rg6 Rb5 59. Rg7 1-0

[Event "Early-Titled-Tuesday-Blitz-February-20-2024"]
[Site "Chess.com"]
[Date "2024.02.20"]
[Round "2"]
[White "Thjop"]
[Black "OparinGrigoriy"]
[Result "0-1"]
[WhiteElo "2640"]
[BlackElo "3005"]
[TimeControl "180+1"]
[EndTime "8:18:43 PST"]
[Termination "OparinGrigoriy won by resignation"]

1. e4 d6 2. d4 Nf6 3. Nc3 g6 4. Nge2 Bg7 5. g3 O-O 6. Bg2 e5 7. O-O Nc6 8. h3 exd4 9. Nxd4 Bd7 10. Be3 Re8 11. Re1 a6 12. a4 Nb4 13. Qd2 c5 14. Nde2 Bc6 15. Rad1 Nxe4 16. Nxe4 Bxe4 17. Bxe4 Rxe4 18.
c3 Nc6 19. Qxd6 Qxd6 20. Rxd6 Bf8 21. Rd7 Ne5 22. Rxb7 Nf3+ 23. Kf1 Nxe1 24. Kxe1 Rxa4 25. Nf4 Rd8 26. Ke2 Re4 27. Ra7 c4 28. Rxa6 Re5 29. Rc6 Rb5 30. Rxc4 Rxb2+ 31. Kf3 Bg7 32. Rc6 Rb3 33.
Ne2 h5 34. g4 hxg4+ 35. hxg4 Rb7 36. Nf4 Rb3 37. Ne2 Rbb8 38. c4 Rbc8 39. Rxc8 Rxc8 40.
c5 Bf8 41. Ng3 Bxc5 42. Bxc5 Rxc5 43. Ne4 Rc6 44. Kf4 Kf8 45. g5 Ke7 46. f3 Ke6 47. Ng3 Rc4+ 48. Ke3 Ke5 49. Ne4 Ra4 50. f4+ Kf5 51.
Nd6+ Ke6 52. Ne4 Rb4 53. Kf3 Rb3+ 54. Kg4 Rb1 55. Kf3 Rb4 56. Ng3 Rb3+ 57. Kg4 Kd5 58. f5 Rb4+ 59. Kf3 Ke5 60. fxg6 fxg6 61. Ne2 Kf5 62.
Ng3+ Kxg5 63. Ne4+ Rxe4 64. Kxe4 Kg4 65. Ke3 Kg3 66. Ke2 g5 67. Kf1 Kh2 68. Kf2 g4 69.
Kf1 g3 0-1

[Event "Early-Titled-Tuesday-Blitz-February-20-2024"]
[Site "Chess.com"]
[Date "2024.02.20"]
[Round "2"]
[White "MVM2008"]
[Black "rquery98"]
[Result "0-1"]
[WhiteElo "2464"]
[BlackElo "2764"]
[TimeControl "180+1"]
[EndTime "8:18:43 PST"]
[Termination "rquery98 won by checkmate"]

1. e4 e5 2. Nf3 Nc6 3. Nc3 Nf6 4. Nd5 Nb4 5. Nxb4 Bxb4 6. c3 Ba5 7. Nxe5 Qe7 8. d4 O-O 9. Bg5 d6 10. Bxf6 Qxf6 11.
Nc4 Bb6 12. Nxb6 axb6 13. Bd3 c5 14. d5 Qg6 15. Qf3 f5 16. O-O fxe4 17. Bxe4 Bf5 18.
Rfe1 Rf6 19. Bxf5 Rxf5 20. Qe4 Qf7 21. Qe6 Rxd5 22. Qxf7+ Kxf7 23. a3 Rd2 24. Rad1 Re8 25. Kf1 Rxb2 26. Rxd6 Rxe1+ 27. Kxe1 Ke7 28. Rd3 Rb3 29.
Re3+ Kd6 30. c4 Rb2 31. Rd3+ Kc6 32. h4 Rc2 33. Rg3 g6 34. h5 gxh5 35. Rh3 Rxc4 36. Rxh5 Re4+ 37. Kd2 Re7 38. Rh6+ Kb5 39. Kc3 Ka5 40. Kc4 Rd7 41. f3 Rd4+ 42. Kc3 Rd7 43. Kc4 Rc7 44. g4 b5+ 45. Kc3 Ka4 46. g5 Kxa3 47. f4 c4 48. f5 b4+ 49. Kd4 c3 50. g6 hxg6 51. fxg6 c2 52. Rh3+ Kb2 53. Rh2 Kb1 54.
g7 Rxg7 55. Kc4 c1=Q+ 56. Kb3 Qa3+ 57. Kc4 Qc3+ 58. Kb5 Rg5+ 59. Ka4 Qa3# 0-1

[Event "Early-Titled-Tuesday-Blitz-February-20-2024"]
[Site "Chess.com"]
[Date "2024.02.20"]
[Round "2"]
[White "Nikolakis2014"]
[Black "ragnaroek66"]
[Result "1-0"]
[WhiteElo "2743"]
[BlackElo "2381"]
[TimeControl "180+1"]
[EndTime "8:18:43 PST"]
[Termination "Nikolakis2014 won by resignation"]

1. Nf3 d5 2. d4 Nf6 3. c4 e6 4. g3 Be7 5. Bg2 O-O 6. O-O dxc4 7.
Ne5 Nd5 8. Nxc4 b5 9. Ne5 Bb7 10. a4 bxa4 11. Nc3 Nxc3 12. bxc3 Bxg2 13. Kxg2 c5 14. e3 Qc7 15. Qf3 Nd7 16. Qc6 Qxc6+ 17. Nxc6 Bd6 18. Rxa4 a6 19. e4 Rfc8 20. Na5 Nb6 21.
Ra1 cxd4 22. cxd4 Bb4 23. Bf4 Bc3 24. Ra2 Bxd4 25. Rb1 f6 26. Nb3 Bc3 27. Rc1 Bb4 28. Bc7 Nd7 29. Rac2 a5 30. Rc4 Ne5 31. R4c2 Nd3 32.
Rd1 Ne5 33. Nd4 Kf7 34. f4 Ng4 35. Kf3 h5 36. h3 Nh6 37. Nb5 Kg8 38. e5 Nf5 39. g4 hxg4+ 40. hxg4 Nh4+ 41. Kg3 Ng6 42. exf6 gxf6 43. Rd7 Nf8 44. Rd3 a4 45. Rd4 Be7 46. Ra2 a3 47. Bd6 Bxd6 48. Rxd6 Rc5 49. Nd4 Kf7 50.
Nf3 Rc3 51. Kg2 Ke7 52. Rdd2 Nd7 53. Re2 Nc5 54. Nd4 Kf7 55. Nb5 Rc4 56. Nd6+ Ke7 57.
Nxc4 Ra4 58. Ne3 Rxf4 59. Nd5+ Kf7 60. Nxf4 1-0

[Event "Early-Titled-Tuesday-Blitz-February-20-2024"]
[Site "Chess.com"]
[Date "2024.02.20"]
[Round "2"]
[White "SnekkerAndersen"]
[Black "dealshark"]
[Result "1-0"]
[WhiteElo "2641"]
[BlackElo "2356"]
[TimeControl "180+1"]
[EndTime "8:18:44 PST"]
[Termination "SnekkerAndersen won by checkmate"]

1. d4 Nf6 2. g4 Nxg4 3. e4 Nf6 4. e5 Nd5 5. c4 Nb6 6. Nc3 d5 7.
c5 N6d7 8. Bd3 e6 9. Nf3 b6 10. Ng5 Be7 11. Rg1 Nf8 12. Qf3 Bxg5 13. Bxg5 Qd7 14.
Bf6 Ba6 15. Rxg7 Bxd3 16. Qxd3 h5 17. Rg1 Rh6 18. Rg8 Rg6 19. Bg7 Qe7 20. Bxf8 Qxf8 21. Rxf8+ Kxf8 22. O-O-O Nc6 23. Nb5 Ke7 24. Nxc7 Rc8 25.
Nb5 bxc5 26. Nd6 Rc7 27. Qf3 Rg7 28. Qf6+ Kf8 29. dxc5 Rg8 30. b4 Nxb4 31. Qd8+ Kg7 32. Qxc7 Nxa2+ 33. Kb2 Rc8 34. Qxf7+ Kh6 35. Qxe6+ Kg5 36.
Qf6+ Kg4 37. Rg1+ Kh3 38. Qf5+ Kh4 39. Qxc8 d4 40. Kxa2 d3 41. Rd1 d2 42. Rxd2 Kg5 43.
Qf5+ Kh4 44. Qf4+ Kh3 45. Qf3+ Kh4 46. h3 Kg5 47. Qg3+ Kh6 48. f4 Kh7 49. Qg5 h4 50. Ka3 Kh8 51. Ka4 Kh7 52. Ka5 Kh8 53. Ka6 Kh7 54.
Kxa7 Kh8 55. Kb6 Kh7 56. Kb5 Kh8 57. Kb4 Kh7 58. Kb3 Kh8 59. Kb2 Kh7 60. Kb1 Kh8 61.
Kc1 Kh7 62. Kd1 Kh8 63. Ke1 Kh7 64. Kf1 Kh8 65. Kg1 Kh7 66. c6 Kh8 67. Kg2 Kh7 68. Kf3 Kh8 69. Ke4 Kh7 70. f5 Kh8 71. e6 Kh7 72. f6 Kh8 73. e7 Kh7 74. f7 Kh8 75.
c7 Kh7 76. Nb7 Kh8 77. Na5 Kh7 78. Nb3 Kh8 79. Na1 Kh7 80. Ke5 Kh8 81. Ke6 Kh7 82.
Rd4 Kh8 83. Kd7 Kh7 84. Nb3 Kh8 85. Nc5 Kh7 86. Kd8 Kh8 87. c8=N Kh7 88. Ke8 Kh8 89. Kf8 Kh7 90. e8=N Kh8 91. Na6 Kh7 92. Nb8 Kh8 93. Nc7 Kh7 94. Na8 Kh8 95. Ke7 Kh7 96. Kd8 Kh8 97.
Rxh4# 1-0

[Event "Early-Titled-Tuesday-Blitz-February-20-2024"]
[Site "Chess.com"]
[Date "2024.02.20"]
[Round "2"]
[White "PattyCastillo"]
[Black "atalz0"]
[Result "0-1"]
[WhiteElo "1931"]
[BlackElo "2415"]
[TimeControl "180+1"]
[EndTime "8:18:45 PST"]
[Termination "atalz0 won on time"]

1. d4 Nf6 2. Nf3 e6 3. e3 c5 4. Bd3 d5 5. b3 cxd4 6. exd4 Be7 7. Bb2 O-O 8. O-O b6 9. Nbd2 Ba6 10. c4 Nc6 11. a3 Rc8 12. Qe2 Qc7 13. Rac1 Qf4 14.
g3 Qg4 15. Qe3 dxc4 16. bxc4 Rfe8 17. Ne5 Nxe5 18. dxe5 Nd7 19. Ne4 Qh5 20. f4 Bb7 21. Rf2 Nc5 22. Nd6 Rcd8 23. Rcf1 Bxd6 24. exd6 Rxd6 25.
Bb1 Red8 26. Qe5 Qxe5 27. Bxe5 Rd2 28. Bc7 R8d7 29. Rxd2 Rxd2 30. Rf2 Rd1+ 31. Rf1 Rd2 32. Rf2 Rd7 33. Be5 f6 34. Bc3 Rd1+ 35. Rf1 Rxf1+ 36.
Kxf1 Be4 37. Bxe4 Nxe4 38. Bb4 Kf7 39. Ke2 Nc5 40. Bxc5 bxc5 41. Kd3 Ke7 42. Ke4 Kd6 43. g4 g6 44. h4 h6 45. f5 gxf5+ 46. gxf5 e5 47.
a4 Kc6 48. a5 h5 49. a6 Kb6 50. Kd5 Kxa6 51. Ke6 e4 52. Kxf6 e3 53. Kg7 e2 54.
f6 e1=Q 55. f7 Qg3+ 56. Kh8 Qf3 57. Kg8 Qg4+ 58. Kh8 Qf5 59. Kg7 Qe5+ 60. Kg8 Qe6 61.
Kg7 Qg4+ 62. Kh8 Qf4 0-1

[Event "Early-Titled-Tuesday-Blitz-February-20-2024"]
[Site "Chess.com"]
[Date "2024.02.20"]
[Round "2"]
[White "Kirill_Klukin"]
[Black "Ordekalog"]
[Result "1/2-1/2"]
[WhiteElo "2858"]
[BlackElo "2586"]
[TimeControl "180+1"]
[EndTime "8:18:47 PST"]
[Termination "Game drawn by repetition"]

1. d4 d5 2. c4 e6 3. Nc3 c5 4.
cxd5 exd5 5. Nf3 Nc6 6. g3 Nf6 7. Bg2 Be7 8. O-O O-O 9. Bg5 cxd4 10. Nxd4 h6 11. Bxf6 Bxf6 12. Nb3 d4 13. Nd5 Bg4 14. Rc1 Re8 15. Re1 Bg5 16. f4 Bf6 17. Nxf6+ Qxf6 18. Bxc6 bxc6 19. Qxd4 Qg6 20. e4 Rad8 21. Qe3 h5 22. Rc5 Qd6 23. h3 Bxh3 24. Rxh5 Bg4 25. Rh4 Be6 26. Nc5 Bxa2 27. Nb7 Qb4 28.
Nxd8 Rxd8 29. Qc3 Qb6+ 30. Kg2 Rb8 31. Reh1 Qxb2+ 32. Qxb2 Rxb2+ 33. Kf3 g6 34. Rh8+ Kg7 35. Ra8 Rb3+ 36. Kf2 Rb2+ 37. Ke3 Rb3+ 38. Kd4 Rxg3 39.
Rxa7 Be6 40. Rc1 Rf3 41. Rxc6 Kf6 42. e5+ Kf5 43. Kc5 Rxf4 44. Kd6 Rd4+ 45. Ke7 Kxe5 46.
Rc5+ Bd5 47. Rc1 f5 48. Re1+ Be4 49. Kf7 g5 50. Kg6 g4 51. Kg5 Rd5 52. Re7+ Kd6 53.
R7xe4 fxe4+ 54. Kxg4 Ke5 55. Kg3 Rd2 56. Ra1 Kd4 57. Kf4 Rf2+ 58. Kg3 Rf3+ 59. Kg2 Ke3 60.
Ra3+ Ke2 61. Ra2+ Kd1 62. Ra1+ Kd2 63. Ra2+ Kd1 64. Ra1+ Ke2 65. Ra2+ Ke3 66. Ra3+ Ke2 67. Ra2+ 1/2-1/2

[Event "Early-Titled-Tuesday-Blitz-February-20-2024"]
[Site "Chess.com"]
[Date "2024.02.20"]
[Round "2"]
[White "cmunda"]
[Black "Ali_rastbod"]
[Result "0-1"]
[WhiteElo "2142"]
[BlackElo "2691"]
[TimeControl "180+1"]
[EndTime "8:18:47 PST"]
[Termination "Ali_rastbod won on time"]

1. e4 Nf6 2. e5 Nd5 3. Bc4 Nb6 4.
Bb3 d5 5. d4 Bf5 6. Nf3 e6 7.
O-O c5 8. c3 Nc6 9. Nbd2 Rc8 10. Re1 Be7 11. Nf1 O-O 12. Ng3 Bg6 13. Be3 cxd4 14.
cxd4 Nb4 15. a3 Nc2 16. Bxc2 Rxc2 17. Re2 Rc4 18. Rc1 Qd7 19. b3 Rxc1 20. Bxc1 Rc8 21.
h4 h6 22. h5 Bh7 23. Bb2 Qb5 24. Ne1 a5 25. a4 Qb4 26. Nd3 Bxd3 27. Qxd3 Bh4 28.
Nf1 Nd7 29. Rc2 Rxc2 30. Qxc2 Nf8 31. g3 Be7 32. Kg2 Qb6 33. Ne3 Qa6 34. Qc7 Bb4 35. Qc2 Qb6 36. Ng4 Qd8 37. Bc1 Nh7 38. Be3 Qd7 39.
Qc1 Bf8 40. Bd2 Qd8 41. Qc2 Qb6 42. Be3 Qd8 43. Qc3 Bb4 44. Qc1 Bf8 45. Qc2 Qb6 46. f4 Qd8 47. f5 Qd7 48. f6 gxf6 49. exf6 e5 50. Nxe5 Qe6 51. Qf2 Nxf6 52. Qf4 Ne4 53. Ng4 Bg7 54. Nxh6+ Bxh6 55. Qxh6 Qg4 56. Qf4 Qe2+ 57.
Kh3 Qxh5+ 58. Kg2 Qe2+ 59. Kh3 Qh5+ 60. Kg2 Qg6 61. Qh6 Qxh6 0-1

[Event "Early-Titled-Tuesday-Blitz-February-20-2024"]
[Site "Chess.com"]
[Date "2024.02.20"]
[Round "2"]
[White "CSB7"]
[Black "Statham_01"]
[Result "1-0"]
[WhiteElo "2780"]
[BlackElo "2549"]
[TimeControl "180+1"]
[EndTime "8:18:54 PST"]
[Termination "CSB7 won by resignation"]

1. e4 e5 2. Nf3 Nc6 3. Bc4 Bc5 4. c3 Nf6 5. d4 exd4 6. e5 d5 7. Bb5 Ne4 8. cxd4 Bb6 9. Nc3 Bg4 10. Be3 O-O 11. h3 Bh5 12. Qc2 f5 13. Nxd5 Ba5+ 14. Kf1 Kh8 15. Bc4 f4 16. Nxf4 Bxf3 17. gxf3 Ng5 18.
Rg1 Nxd4 19. Ng6+ hxg6 20. Qxg6 Ndxf3 21. Bxg5 Qe8 22. Qxe8 Raxe8 23. Rg4 Bb6 24. Kg2 g6 25. e6 Nxg5 26. Rxg5 Rxf2+ 27. Kh1 Kh7 28. Rag1 Rf6 29. Re1 c6 30. Re2 Bc7 31. Rg4 Rf1+ 32. Kg2 Rf5 33.
Bd3 Rf6 34. Rge4 Rf5 35. Bc4 Rg5+ 36. Kf2 b5 37. Bb3 Bb6+ 38. Ke1 Ba5+ 39. Kd1 Rd8+ 40. Kc2 Rc5+ 41. Kb1 Rf8 42. a3 Re8 43. e7 Rf5 44.
Ka2 c5 45. Be6 Rf6 46. Bd7 Rxe7 47. Rxe7+ Kh6 48. R7e6 Rf3 49. Bxb5 Kg5 50. Be8 Kf5 51. Bxg6+ Kg5 52. Bb1 c4 53. R6e5+ Kh4 54. Rxa5 c3 55.
Ra4+ Kg3 56. Rg4+ Kxh3 57. Reg2 c2 58. R4g3+ Rxg3 59. Rxg3+ Kxg3 60. Bxc2 Kf4 61. Kb3 Ke5 62. Kb4 Kd6 63. Ka5 Kc5 64. Ka6 Kc4 65. Kxa7 1-0

[Event "Early-Titled-Tuesday-Blitz-February-20-2024"]
[Site "Chess.com"]
[Date "2024.02.20"]
[Round "2"]
[White "Hsper248"]
[Black "ClaudiaSof"]
[Result "1-0"]
[WhiteElo "2659"]
[BlackElo "2332"]
[TimeControl "180+1"]
[EndTime "8:18:54 PST"]
[Termination "Hsper248 won by resignation"]

1. e4 e5 2. Nf3 Nc6 3. Bc4 Nf6 4. d3 h6 5. a4 d6 6. a5 a6 7. Nc3 g6 8. h3 Bg7 9. O-O O-O 10. Re1 Kh7 11.
d4 exd4 12. Nxd4 Bd7 13. Nf3 Ne5 14. Bb3 Bc6 15. Bf4 Nxf3+ 16. Qxf3 Nd7 17. Bd5 Qf6 18.
Qg4 Rad8 19. Rad1 Ne5 20. Qg3 Rfe8 21. Be3 g5 22. Bd4 Qg6 23. f4 gxf4 24. Qxf4 Rg8 25. Re2 Rdf8 26. Kh1 h5 27. Rf1 Bh6 28. Qf5 Rh8 29.
Ref2 f6 30. Bxc6 bxc6 31. Bxe5 dxe5 32. Qd7+ Rf7 33. Qxc6 Rg8 34. Nd5 Bg5 35. Qe6 Bh4 36.
Re2 c6 37. Qxc6 Bg3 38. Qe6 Rgf8 39. Qf5 Kh6 40. Qxg6+ Kxg6 41. Rf3 Bh4 42. g3 Bg5 43. h4 Bh6 44. b4 Rc8 45. Ref2 Bg7 46. c3 Rc4 47. Re3 Rd7 48. Rf5 Rd8 49. Rf1 Rd6 50. Ne7+ Kf7 51. Nf5 Rdc6 52. Ref3 Kg6 53. Ne7+ Kf7 54.
Nxc6 Rxc6 55. Rd1 Ke6 56. Rdd3 Bf8 57. Kg2 Be7 58. Rf1 Rc4 59. Kf3 f5 60. exf5+ Kxf5 61.
Ke2+ Ke6 62. Re3 e4 63. Rf4 Ke5 64. Rf7 Bf6 65. Rh7 Kf5 66. Rxh5+ Kg4 67. Rh6 Be5 68. Rg6+ Kh3 69. Rg5 Bxc3 70. g4+ Kxh4 71. Rc5 Rxc5 72.
bxc5 Bxa5 73. Rxe4 Kg5 74. c6 Bc7 75. Ra4 a5 76. Rd4 Kf6 77. Rd7 1-0

[Event "Early-Titled-Tuesday-Blitz-February-20-2024"]
[Site "Chess.com"]
[Date "2024.02.20"]
[Round "2"]
[White "Natalya_Buksa"]
[Black "DarkAlekhine"]
[Result "1-0"]
[WhiteElo "2590"]
[BlackElo "2844"]
[TimeControl "180+1"]
[EndTime "8:18:56 PST"]
[Termination "Natalya_Buksa won on time"]

1. d4 Nf6 2. Nc3 d5 3. Bf4 a6 4. e3 e6 5. Nf3 c5 6. Be2 Bd6 7.
O-O Bxf4 8. exf4 Qc7 9. g3 O-O 10. dxc5 Qxc5 11. Bd3 Nc6 12. Ne2 b5 13. c3 Bb7 14.
Ned4 g6 15. a3 Rfd8 16. Re1 Rac8 17. Qe2 Nxd4 18. Nxd4 Ne4 19. f3 Nd6 20. h4 a5 21.
h5 b4 22. axb4 axb4 23. Rac1 bxc3 24. bxc3 Ra8 25. hxg6 hxg6 26. Bxg6 Ra3 27. Bb1 Rxc3 28. Rxc3 Qxd4+ 29. Qe3 Qxe3+ 30. Rcxe3 d4 31. Rb3 Bd5 32. Rd3 Nb5 33. Kf2 Kg7 34. Rd2 Ra8 35. Bd3 Nc3 36. Be4 Ra4 37. Bxd5 Nxd5 38. Re4 Ne7 39. Rexd4 Ra1 40.
Rd1 Ra2+ 41. R4d2 Ra3 42. g4 Kg6 43. Kg3 Rb3 44. Rd7 Nc6 45. R1d6 Na5 46. f5+ Kf6 47. fxe6 fxe6 48. Rh7 Nc4 49. Rh6+ Kf7 50. Rdxe6 Nd2 51. Rhf6+ Kg7 52. Rf5 Nf1+ 53. Kh4 Nd2 54. Ref6 Rb1 55. Kg5 Rb7 56. Rd6 Nc4 57. Rd3 Re7 58. f4 Nb6 59. Re5 Rf7 60. f5 Nd7 61. Re8 Nf6 62.
Re6 Nh7+ 63. Kf4 Ra7 64. Red6 Ra4+ 65. R3d4 Ra1 66. Rd7+ Kg8 67. Rd8+ Nf8 68. Kg5 Re1 69. Ra8 Re7 70. Rdd8 Rg7+ 71. Kf4 Rf7 72. g5 1-0

[Event "Early-Titled-Tuesday-Blitz-February-20-2024"]
[Site "Chess.com"]
[Date "2024.02.20"]
[Round "2"]
[White "CFN_Good_Evening"]
[Black "bazar-wokzal"]
[Result "1-0"]
[WhiteElo "2209"]
[BlackElo "2681"]
[TimeControl "180+1"]
[EndTime "8:18:58 PST"]
[Termination "CFN_Good_Evening won on time"]

1. d4 Nf6 2. Nc3 d5 3. Bf4 e6 4. Nb5 Na6 5. e3 c6 6. Nc3 Bb4 7. Bxa6 bxa6 8. Ne2 c5 9. a3 Bxc3+ 10. Nxc3 cxd4 11.
exd4 O-O 12. O-O a5 13. Na4 Ba6 14. Re1 Nd7 15. Nc5 Nxc5 16. dxc5 a4 17. Bd6 Re8 18. b4 axb3 19. cxb3 Bb5 20. a4 Bc6 21. b4 a6 22. Qd3 Qd7 23. Qc2 Ra7 24. f4 Rb7 25. Reb1 f6 26. Qd3 Bxa4 27. Qxa6 Bb5 28. Qa2 Bc4 29.
Qb2 h5 30. Rc1 Bb5 31. Ra5 Bc6 32. Rb1 Bb5 33. Rba1 h4 34. h3 Rd8 35. Ra8 Bc6 36.
R8a5 Bb5 37. Qf2 Bd3 38. R1a3 Be4 39. Rb3 Rb5 40. Rxb5 Qxb5 41. Qxh4 Qe2 42. Rg3 Kf7 43. Kh2 Ra8 44. f5 Bxf5 45. c6 Ra1 46. Rf3 Rc1 47. c7 Qd1 48. Qh5+ Kg8 49. Qe8+ Kh7 50. c8=Q Qg1+ 51.
Kg3 Qe1+ 52. Kh2 Qg1+ 53. Kg3 Qe1+ 54. Rf2 Qe3+ 55. Kh2 Rxc8 56. Qxc8 Qxf2 57. Bg3 Qb2 58. Qe8 1-0

[Event "Early-Titled-Tuesday-Blitz-February-20-2024"]
[Site "Chess.com"]
[Date "2024.02.20"]
[Round "2"]
[White "azikom"]
[Black "falzehope0"]
[Result "0-1"]
[WhiteElo "2676"]
[BlackElo "2408"]
[TimeControl "180+1"]
[EndTime "8:18:58 PST"]
[Termination "falzehope0 won by checkmate"]

1. c4 e6 2. Nc3 d5 3. e3 c6 4. Nf3 Bd6 5. b3 f5 6. Bb2 Nf6 7. Qc2 O-O 8. Be2 a6 9. d4 Ne4 10. O-O Nd7 11. a4 Bb4 12. Nd2 Qg5 13. f4 Qh6 14. Ndxe4 fxe4 15. Ba3 Bxa3 16. Rxa3 g5 17.
fxg5 Qxg5 18. Rxf8+ Nxf8 19. Qd2 Ng6 20. Ra1 Bd7 21. Rf1 Nh4 22. g3 e5 23. cxd5 cxd5 24. dxe5 Be6 25. Rf6 Bf7 26. Nxd5 Qxe5 27. Rxf7 Kxf7 28.
gxh4 Rg8+ 29. Kf1 Rd8 30. Bc4 Kg7 31. Qg2+ Kh8 32. Qg5 Rf8+ 33. Kg2 Rg8 34. Qxg8+ Kxg8 35. Nf4+ Kh8 36. h5 Qb2+ 37. Kg3 Qe5 38. Kg4 b5 39.
axb5 axb5 40. Be6 b4 41. h4 Kg7 42. Bf5 h6 43. Be6 Kf6 44. Bc4 Qf5+ 45. Kg3 Qe5 46. Kg4 Qb2 47. Nd5+ Ke5 48. Kg3 Qd2 49. Kh3 Qd1 50.
Kg3 Qf3+ 51. Kh2 Qxh5 52. Nxb4 Qxh4+ 53. Kg2 Qg4+ 54. Kh2 Qh4+ 55. Kg2 Qg5+ 56. Kf2 Qf6+ 57. Kg1 Qg5+ 58. Kf2 Qg4 59. Nd5 Qf3+ 60. Kg1 Qg3+ 61. Kh1 h5 62. Nf4 Qxe3 63. Ng2 Qf2 64. Kh2 h4 65. Kh3 Qg3# 0-1

[Event "Early-Titled-Tuesday-Blitz-February-20-2024"]
[Site "Chess.com"]
[Date "2024.02.20"]
[Round "2"]
[White "Grande_Strategia"]
[Black "dosto07"]
[Result "1-0"]
[WhiteElo "2528"]
[BlackElo "2496"]
[TimeControl "180+1"]
[EndTime "8:19:00 PST"]
[Termination "Grande_Strategia won on time"]

1. f3 e5 2. Kf2 Nf6 3. g3 d5 4. Bh3 Nc6 5. Kg2 Bc5 6. d3 O-O 7. Bg5 h6 8. Bxf6 Qxf6 9. e4 Rd8 10. Nc3 Ne7 11. exd5 Nxd5 12. Nxd5 Rxd5 13. Bxc8 Rxc8 14.
Ne2 Bd4 15. Nc3 Bxc3 16. bxc3 Rcd8 17. c4 R5d6 18. Rb1 Rb6 19. Qe2 Qd6 20. Rb3 Rxb3 21. axb3 Qd4 22. Re1 f6 23. Qd2 b6 24. Qb4 Qd6 25.
Qb5 a5 26. Ra1 Qd4 27. Re1 Kf7 28. h4 Rd6 29. Re4 Qc3 30. Re2 Qb4 31. Qa6 Qc5 32. Qc8 Qc6 33. Re4 Qd7 34. Qa8 Qd8 35. Qa7 Qd7 36. c5 Rc6 37. Rc4 b5 38. Re4 Qd5 39. Qxa5 Rxc5 40. Re2 Qc6 41. Qa2 b4 42. Qb1 h5 43.
Qd1 Kg6 44. Rf2 Ra5 45. Kh2 Qa8 46. Rf1 Qc6 47. f4 Ra2 48. Rf2 exf4 49. gxf4 Qd6 50.
Kh3 Kh6 51. f5 Qd4 52. Qg1 Qg4+ 53. Qxg4 hxg4+ 54. Kxg4 c5 55. Kf4 Kh5 56. Rg2 Rb2 57. Rh2 Rb1 58. Rg2 Re1 59. Rxg7 Rf1+ 60. Ke4 Kxh4 61. Rg6 Re1+ 62. Kf3 Rc1 63. Rxf6 Kg5 64. Rc6 Rxc2 65. Ke4 Re2+ 66. Kd5 Rf2 67. Rxc5 Kf6 68. Kc4 Rf4+ 69. d4 Rg4 70. Rd5 Rh4 71. Kxb4 Re4 72. Kc4 Re3 73. Re5 Re1 74. Rxe1 1-0